 Dungeon Crawl Stone Soup version 0.30.1-9-gdf580d7c3d (webtiles) character file.

Game seed: 6743598011131880879

1012 Azmodeaus the Slasher (level 8, -4/60 HPs)
             Began as a Human Fighter on Oct 3, 2023.
             Slain by an ogre
             ... wielding a +0 giant spiked club
              (8 damage)
             ... on level 5 of the Dungeon.
             The game lasted 00:28:29 (7507 turns).

Azmodeaus the Slasher (Human Fighter)               Turns: 7507, Time: 00:28:30

Health: -4/60      AC: 16    Str: 16    XL:     8   Next: 45%
Magic:  8/8        EV:  9    Int: 10    God:
Gold:   227        SH:  6    Dex: 14    Spells: 7/7 levels left

rFire   x . .        a - +4 long sword
rCold   + + .        c - +1 buckler
rNeg    . . .        v - +0 ice dragon scales
rPois   +            (no helmet)
rElec   .            f - +1 cloak
rCorr   .            (no gloves)
SInv    .            q - +2 pair of boots
Will    .....        (no amulet) Stlth
                     j - ring of poison resistance
HPRegen 0.30/turn    d - +4 ring of slaying
MPRegen 0.11/turn

%: no passive effects
@: mighty, weakened
A: no striking features
a: no special abilities


You were on level 5 of the Dungeon.
You visited 1 branch of the dungeon, and saw 5 of its levels.

You collected 227 gold pieces.

Inventory:

Hand Weapons
 a - a +4 long sword (weapon)
 m - a +0 sling
Missiles
 g - 37 stones (quivered)
Armour
 b - a +0 scale mail
 c - a +1 buckler (worn)
 e - an orb of energy
 f - a +1 cloak (worn)
 h - a +0 plate armour
 k - a +0 cloak
 q - a +2 pair of boots (worn)
 v - +0 ice dragon scales (worn)
Jewellery
 d - a +4 ring of slaying (right hand)
 j - a ring of poison resistance (left hand)
Wands
 r - a wand of charming (6)
Scrolls
 l - a scroll of amnesia
Potions
 i - 2 potions of haste
 o - a potion of brilliance
 p - a potion of ambrosia {unknown}
 s - a potion of flight {unknown}
 u - a potion of mutation {unknown}


   Skills:
 + Level 4.2 Fighting
 + Level 6.0 Long Blades
 + Level 5.5 Armour
 + Level 2.9 Dodging
 + Level 1.0 Stealth
 + Level 4.3 Shields


You had 7 spell levels left.
You didn't know any spells.
Your spell library contained the following spells:

 Spells                   Type           Power      Damage    Failure   Level
 Slow                     Hex            0%         N/A       90%         1
 Confusing Touch          Hex            0%         N/A       99%         3
 Ozocubu's Armour         Ice            0%         N/A       99%         3
 Vampiric Draining        Necr           0%         2d6       99%         3
 Metabolic Englaciation   Hex/Ice        0%         N/A       100%        5
 Simulacrum               Ice/Necr       0%         N/A       100%        6


Dungeon Overview and Level Annotations

Branches:
Dungeon (5/15)             Temple (0/1) D:5

Altars:
Gozag
Hepliaklqana
Wu Jian


Message History

You kill the gnoll!
The gnoll is no longer moving quickly.
The gnoll bouda barely misses you.
Your Long Blades skill increases to level 6!
You slice the ogre!!
The ogre is almost dead.
The ogre hits you with a +0 giant spiked club!
The gnoll bouda calls upon its god to heal the gnoll.
The gnoll is healed somewhat.
You barely miss the ogre.
The ogre is almost dead.
The gnoll is no longer moving quickly.
The gnoll bouda barks out a call to the hunt!
The gnolls pick up the pace!
The ogre hits you with a +0 giant spiked club!!
You block the gnoll bouda's attack.
You slash the gnoll bouda!
The gnoll bouda is moderately wounded.
The gnoll bouda gazes fiercely through you!
You feel your attacks grow feeble.
The gnoll bouda hits you with a +0 whip!
* * * LOW HITPOINT WARNING * * *
The ogre barely misses you.
It was a potion of curing.
You feel better. The gnoll hits you but does no damage.
The gnoll bouda calls upon its god to heal the gnoll.
The gnoll is healed somewhat.
Unknown command.
You barely miss the ogre.
The ogre is almost dead.
You block the gnoll's attack.
The ogre hits you with a +0 giant spiked club!
* * * LOW HITPOINT WARNING * * *
The gnoll bouda hits you with a +0 whip!
* * * LOW HITPOINT WARNING * * *
The air fills with toxic fumes!
As you read the scroll of poison, it crumbles to dust.
The gnoll is no longer moving quickly.
You block the gnoll's attack.
The gnoll bouda hits you but does no damage.
The ogre hits you with a +0 giant spiked club!
You die...

.......# .......#### ##
..........# #.
.......#.#### ##§.
.####.##..§§#####§§. ##
#....##§§.§#§§## #
##...####§.§g§. #
###....#§§§§§#O##§### #
#...#..§§§§§§§@ggg§§#
....##...§§§#######g§§§§
###.####.##..# §§§
................ §
.........#####.#
..#.#....# ##.#
.#.#.#...##.....
#.#.#.#........ .
.#.>.#...#


You could see an ogre, a gnoll bouda and 4 gnolls.

Vanquished Creatures
  The ghost of croobank the Covert, an amateur GnDe (D:4)
  Grinder (D:4)
  An orc warrior (D:4)
  2 scorpions
  A howler monkey (D:5)
  2 hounds
  An orc priest (D:4)
  2 iguanas (D:5)
  Terence (D:2)
  An orc wizard (D:4)
  Robin (D:4)
  A gnoll (D:5)
  5 adders
  3 dart slugs
  12 orcs
  10 ball pythons
  7 endoplasms
  3 giant cockroaches
  12 goblins
  10 hobgoblins
  3 bats
  6 frilled lizards
  14 kobolds
  5 rats
105 creatures vanquished.

Notes
Turn   | Place    | Note
-------+----------+-------------------------------------------
     0 | D:1      | Azmodeaus the Human Fighter began the quest for the Orb.
     0 | D:1      | Reached XP level 1. HP: 18/18 MP: 1/1
   108 | D:1      | Reached XP level 2. HP: 24/24 MP: 2/2
   907 | D:1      | Reached XP level 3. HP: 27/29 MP: 3/3
  2103 | D:2      | Noticed Terence
  2114 | D:2      | Killed Terence
  2115 | D:2      | Reached XP level 4. HP: 7/35 MP: 4/4
  3057 | D:2      | Reached skill level 3 in Long Blades
  4274 | D:3      | Reached XP level 5. HP: 41/41 MP: 5/5
  4449 | D:4      | Noticed Robin
  4462 | D:4      | Killed Robin
  4541 | D:4      | Found an ornate altar of the Wu Jian Council.
  4595 | D:4      | Reached skill level 1 in Dodging
  4595 | D:4      | Reached XP level 6. HP: 47/47 MP: 6/6
  5010 | D:4      | Found a hazy altar of Hepliaklqana.
  5010 | D:4      | Noticed Grinder
  5014 | D:4      | Paralysed by Grinder for 5 turns
  5299 | D:4      | Paralysed by Grinder for 3 turns
  5319 | D:4      | Paralysed by Grinder for 4 turns
  5327 | D:4      | Paralysed by Grinder for 4 turns
  5331 | D:4      | Killed Grinder
  5332 | D:4      | Reached skill level 4 in Long Blades
  5332 | D:4      | Reached XP level 7. HP: 28/53 MP: 7/7
  6396 | D:4      | Found a runed translucent gate.
  6397 | D:4      | Found a runed translucent gate.
  6397 | D:4      | Found a runed translucent gate.
  6397 | D:4      | Found an opulent altar of Gozag.
  6401 | D:4      | Noticed croobank's ghost (amateur GnDe)
  6434 | D:4      | Killed croobank's ghost
  6435 | D:4      | Reached skill level 5 in Long Blades
  6435 | D:4      | Reached skill level 5 in Armour
  6435 | D:4      | Reached XP level 8. HP: 38/60 MP: 8/8
  7349 | D:5      | Entered Level 5 of the Dungeon
  7372 | D:5      | Found a staircase to the Ecumenical Temple.
  7383 | D:5      | Reached skill level 1 in Stealth
  7502 | D:5      | Reached skill level 6 in Long Blades
  7507 | D:5      | Slain by an ogre

Illustrated notes

Levels and vault maps discovered:
D:1:      minmay_arrival_four_loops, layout_loops_ring, serial_forest,
          infiniplex_forest_lined_room_3, infiniplex_forest_corner_2,
          infiniplex_forest_lined_3, infiniplex_forest_end_double,
          infiniplex_forest_side_room, infiniplex_forest_straight_4
D:2:      layout_rooms, shapermc_ecumenical_altar_totnotflames, uniq_terence
D:3:      layout_basic
D:4:      layout_loops_ring, nzn_wu_jian_council_hall,
          mainiacjoe_overflow_brackets, ebering_ghost_gozag, uniq_robin,
          uniq_grinder
D:5:      layout_rooms, minmay_temple_entry_grid

Skill      XL: |  1  2  3  4  5  6  7  8 |
---------------+-------------------------+-----
Long Blades    | 3 4 5 6 |  6.0
Armour         | 4 5 |  5.5
Dodging        | 1 2 |  2.9
Shields        | 4 |  4.3
Fighting       | 4 |  4.2
Stealth        | 1 |  1.0

Action                     |  1- 3 |  4- 6 |  7- 9 || total
---------------------------+-------+-------+-------++-------
  Melee: Long sword        |   498 |   105 |    94 ||   697
  Throw: Stone             |     1 |     2 |       ||     3
    Use: Potion            |     1 |     4 |     3 ||     8
         Scroll            |       |    10 |     4 ||    14
 Armour: Scale mail        |    26 |    70 |     3 ||    99
         Ice dragon scales |       |       |    53 ||    53
  Dodge: Dodged            |    40 |    59 |    52 ||   151
  Block: Buckler           |    20 |    43 |    49 ||   112
